 Dungeon Crawl Stone Soup version 0.28-a0-938-gbc3f381ebc (webtiles) character file.

Game seed: 14310836787027376164

15952 enile the Protected (level 12, -12/165 HPs)
             Began as a Minotaur Fighter on Nov 28, 2021.
             Was a Priest of Nemelex Xobeh.
             Mangled by a polar bear (21 damage)
             ... in an ice cave on Nov 29, 2021.
             The game lasted 00:43:36 (18294 turns).

enile the Protected (Minotaur Fighter)             Turns: 18294, Time: 00:43:37

Health: -12/165    AC: 26    Str: 26    XL:     12   Next: 5%
Magic:  16/16      EV:  2    Int:  7    God:    Nemelex Xobeh [***...]
Gold:   513        SH:  5    Dex: 12    Spells: 11/11 levels left

rFire   . . .      SeeInvis +   a - +0 flail (freeze)
rCold   . . .      Faith    .   I - +0 buckler {rN+}
rNeg    + . .      Spirit   .   (armour currently unavailable)
rPois   +          Reflect  .   (helmet currently unavailable)
rElec   .          Harm     .   (cloak currently unavailable)
rCorr   .          Rampage  .   (gloves currently unavailable)
Will    .....      NoTele   +   (boots currently unavailable)
Stlth   ++........              (no amulet)
HPRegen 0.37/turn               H - ring of poison resistance
MPRegen 0.15/turn               (no ring)

@: tree-form, studying Armour
A: stationary, stasis, torment immunity, boosted hp, (horns 2), (retaliatory
headbutt), see invisible, agile 1, clever 1, wild magic 1
a: Renounce Religion, Draw Escape, Draw Destruction, Draw Summoning, Triple Draw


You were in an ice cave.
You worshipped Nemelex Xobeh.
Nemelex Xobeh was most pleased with you.
You were a tree.
You visited 1 branch of the dungeon, and saw 11 of its levels.
You also visited: Ice Cave.

You collected 700 gold pieces.
You spent 187 gold pieces at shops.

Inventory:

Hand Weapons
 a - a +0 flail of freezing (weapon)
 y - a +3 spear
 z - a +1 vorpal halberd
 F - a +0 flail of draining
Missiles
 e - 290 stones
 k - 4 boomerangs
 A - 30 poisoned darts
 C - 5 curare-tipped darts (quivered)
Armour
 b - a +0 scale mail
 c - a +0 buckler
 o - a +0 chain mail
 q - a +0 pair of boots (melded)
 v - a +1 chain mail of fire resistance (melded)
 I - a +0 buckler of positive energy (worn)
Jewellery
 H - a ring of poison resistance (left branch)
Wands
 n - a wand of paralysis (6)
 E - a wand of digging (2)
Scrolls
 f - 4 scrolls of immolation {unknown}
 i - 2 scrolls of holy word {unknown}
 r - a scroll of blinking {unknown}
 s - a scroll of enchant weapon {unknown}
 t - 3 scrolls of amnesia {unknown}
 u - a scroll of fog {unknown}
 w - 4 scrolls of identify {unknown}
 x - 2 scrolls of magic mapping {unknown}
 B - a scroll of noise {unknown}
 D - a scroll of enchant armour {unknown}
Potions
 g - 3 potions of lignification
 h - a potion of curing
 l - a potion of flight
 m - a potion of mutation
 p - 2 potions of cancellation {unknown}
 J - a potion of degeneration {unknown}


   Skills:
 - Level 11.0 Fighting
 - Level 11.0 Maces & Flails
 - Level 2.6 Polearms
 - Level 6.0 Throwing
 - Level 14.0 Armour
 - Level 4.0 Stealth
 - Level 7.0 Shields
 - Level 7.0 Invocations
 + Level 4.3 Evocations


You had 11 spell levels left.
You didn't know any spells.
Your spell library contained the following spells:

 Spells                   Type           Power      Damage    Failure   Level
 Animate Skeleton         Necr           0%         N/A       52%         1
 Pain                     Necr           0%         1d4       52%         1
 Summon Small Mammal      Summ           0%         N/A       52%         1
 Sublimation of Blood     Necr           0%         N/A       65%         2
 Call Canine Familiar     Summ           0%         N/A       86%         3
 Summon Guardian Golem    Hex/Summ       0%         N/A       86%         3
 Vampiric Draining        Necr           0%         2d6       86%         3
 Iskenderun's Battlesphe  Conj           0%         2d6       100%        5
 Iron Shot                Conj/Erth      0%         9d1       100%        6
 Spellforged Servitor     Conj/Summ      0%         N/A       100%        7


Dungeon Overview and Level Annotations

Branches:
Dungeon (11/15)            Temple (0/1) D:7            Lair (0/6) D:10
  IceCv (1/1)
    Orc: D:9-12

Altars:
Elyvilon
Fedhas
Kikubaaqudgha
Makhleb
Nemelex Xobeh
Sif Muna
Trog
Vehumet
Wu Jian
Zin

Shops:
D:2 :   D:5 (   D:7 [   D:10 !


Innate Abilities, Weirdness & Mutations

You are a tree.
Your roots penetrate the ground, keeping you stationary.
You cannot be teleported.
You are immune to unholy pain and torment.
Your maximum health is greatly increased.
Your equipment is partially melded.
((You have a pair of horns on your head.))
((You reflexively headbutt those who attack you in melee.))
You have supernaturally acute eyesight. (SInv)
You are agile. (Dex +2)
Your mind is acute. (Int +2)
Your spells are a little harder to cast, but a little more powerful.


Message History

You block the polar bear's attack.
The polar bear claws you but does no damage. x2
You completely miss the polar bear.
The polar bear is moderately wounded.
The polar bear bites you.
* * * LOW HITPOINT WARNING * * *
The polar bear claws you but does no damage. x2
You hit the polar bear.
The polar bear is moderately wounded.
The polar bear bites you but does no damage.
The polar bear claws you but does no damage.
You block the polar bear's attack.
Throw: 4 boomerangs
Press: ? - help, Q - select action, (/) - cycle Shift-Dir - straight line, f/p - polar bear
Aim: a polar bear (moderately wounded, 72% to hit)
Okay, then.
Throw: 6 darts (curare)
Press: ? - help, Q - select action, (/) - cycle Shift-Dir - straight line, f/p - polar bear
Aim: a polar bear (moderately wounded, 72% to hit)
You throw a curare-tipped dart.
The curare-tipped dart hits the polar bear.
The polar bear is poisoned.
The polar bear convulses.
The polar bear seems to slow down.
The polar bear is heavily wounded.
You sock the polar bear! You freeze the polar bear.
The polar bear is severely wounded.
The polar bear shakes off its lethargy.
The polar bear goes berserk!
You hit the polar bear but do no damage.
The polar bear is severely wounded.
You block the polar bear's attack.
The polar bear claws you but does no damage. x2
You hit the polar bear but do no damage.
The polar bear is severely wounded.
The polar bear barely misses you.
The polar bear claws you but does no damage. x2
You barely miss the polar bear.
The polar bear is severely wounded.
The polar bear bites you!!
You die...
Your body disappears without a glow.

..##.......#
.......∩.∩.#
#..........#
##..##....##
## ##..##
##Y# #Y# #h#
#♣# #.# #.#
#.# ###


You could see a polar bear (berserk, poisoned) and 2 yaks.

Vanquished Creatures
  5 two-headed ogres
  A tengu warrior (D:9)
  A deep elf pyromancer (D:11)
  An ugly thing (D:8)
  A cyclops (D:11)
  A catoblepas zombie (D:6)
  An unseen horror (D:10)
  3 trolls
  2 hornets
  Grinder (D:3)
  2 wraiths
  2 vampires
  5 yaks
  4 vampire mosquitoes (D:10)
  Menkaure (D:6)
  3 wargs
  A two-headed ogre zombie (D:5)
  3 water moccasins
  4 orc warriors
  A necrophage (D:5)
  3 ice beasts
  12 ogres
  A wolf (IceCv)
  7 centaurs
  2 phantoms
  6 kobold brigands
  3 bullfrogs
  A wyvern zombie (D:5)
  3 scorpions
  A water moccasin zombie (D:5)
  3 gnoll sergeants
  A cyclops skeleton (D:5)
  A water moccasin skeleton (D:4)
  2 yak zombies
  15 killer bees
  6 howler monkeys (D:8)
  A tengu skeleton (D:6)
  6 wights (D:8)
  2 electric eels (D:8)
  A bullfrog zombie (D:5)
  5 centaur zombies
  A lava snake (D:7)
  10 orc priests
  6 centaur skeletons
  11 hounds
  2 jellies
  A basilisk zombie (D:5)
  2 gnoll shamans
  2 iguanas (D:4)
  Natasha (thrice) (D:2)
  11 orc wizards
  16 gnolls
  A steam dragon zombie (D:5)
  7 adders
  A shadow imp (D:5)
  13 white imps
  5 orc zombies
  A worm (D:2)
  A dart slug (D:3)
  27 orcs
  8 ball pythons
  A bat skeleton (D:5)
  4 endoplasms
  4 giant cockroaches
  2 gnoll zombies
  8 goblins
  6 hobgoblins
  38 kobolds
  5 quokkas
  A ball python zombie (D:3)
  4 bats (D:2)
  A dart slug zombie (D:5)
  2 frilled lizards
  2 frilled lizard zombies
  3 gnoll skeletons (D:6)
  A goblin skeleton (D:4)
  2 goblin zombies
  A hobgoblin zombie (D:5)
  4 kobold zombies
  An orc skeleton (D:5)
  A quokka zombie (D:5)
  4 rats
  A rat zombie (D:5)
  A spectral goblin (D:2)
351 creatures vanquished.

Vanquished Creatures (collateral kills)
  2 ogres (D:8)
  3 wights (D:8)
  A gnoll shaman (D:8)
6 creatures vanquished.

Vanquished Creatures (others)
  A killer bee (D:8)
  A quokka (D:9)
  A fungus (D:8)
  8 plants
11 creatures vanquished.

Grand Total: 368 creatures vanquished

Notes
Turn   | Place    | Note
-------+----------+-------------------------------------------
     0 | D:1      | enile the Minotaur Fighter began the quest for the Orb.
     0 | D:1      | Reached XP level 1. HP: 19/19 MP: 0/0
   247 | D:1      | Reached XP level 2. HP: 25/28 MP: 1/1
   659 | D:1      | Reached skill level 5 in Fighting
   876 | D:2      | Reached XP level 3. HP: 34/36 MP: 2/2
  1358 | D:2      | Found Plog's Book Shop.
  1453 | D:2      | Noticed Natasha
  1458 | D:2      | Killed Natasha
  1459 | D:2      | Reached XP level 4. HP: 32/44 MP: 3/3
  1586 | D:2      | Found a faded altar of an unknown god.
  1627 | D:2      | Prayed at the altar of an unknown god.
  1627 | D:2      | Became a worshipper of Kikubaaqudgha
  1627 | D:2      | Reached * piety under Kikubaaqudgha
  1627 | D:2      | Received a gift from Kikubaaqudgha
  1628 | D:2      | Fell from the grace of Kikubaaqudgha
  1741 | D:2      | Noticed Natasha
  1746 | D:2      | Killed Natasha
  1805 | D:2      | Noticed Natasha
  1811 | D:2      | Killed Natasha
  1812 | D:2      | Reached skill level 1 in Throwing
  1812 | D:2      | Reached XP level 5. HP: 45/50 MP: 4/4
  2005 | D:3      | Found a shimmering blue altar of Sif Muna.
  3219 | D:3      | Noticed Grinder
  3238 | D:3      | Killed Grinder
  3239 | D:3      | Reached skill level 5 in Maces & Flails
  3239 | D:3      | Reached skill level 5 in Armour
  3239 | D:3      | Reached skill level 1 in Stealth
  3239 | D:3      | Reached XP level 6. HP: 38/57 MP: 5/5
  3801 | D:4      | Reached XP level 7. HP: 20/63 MP: 6/6
  4104 | D:4      | Reached skill level 6 in Armour
  4477 | D:5      | Entered Level 5 of the Dungeon
  4477 | D:5      | Found Qelikkyr's Weapon Shoppe.
  4503 | D:5      | Reached skill level 5 in Shields
  5195 | D:5      | Reached skill level 1 in Evocations
  5274 | D:5      | Reached XP level 8. HP: 73/73 MP: 7/7
  6054 | D:5      | Reached skill level 7 in Armour
  6568 | D:5      | Found a sparkling altar of Nemelex Xobeh.
  6577 | D:5      | Became a worshipper of Nemelex Xobeh the Trickster
  6999 | D:6      | Reached skill level 8 in Armour
  7383 | D:6      | Reached XP level 9. HP: 74/81 MP: 8/8
  7387 | D:6      | Reached skill level 9 in Armour
  7877 | D:6      | Noticed Menkaure
  7880 | D:6      | Killed Menkaure
  7881 | D:6      | Reached skill level 10 in Armour
  7881 | D:6      | Reached skill level 1 in Invocations
  8046 | D:6      | Found a radiant altar of Vehumet.
  8199 | D:6      | HP: 3/81 [catoblepas zombie[the malice of Kikubaaqudgha]
                  | (11)]
  8417 | D:5      | Was forgiven by Kikubaaqudgha
  8744 | D:7      | Found an ornate altar of the Wu Jian Council.
  8752 | D:7      | Reached * piety under Nemelex Xobeh
  8767 | D:7      | Found Vyoqeamn's Antique Armour Shoppe.
  9140 | D:7      | Found a staircase to the Ecumenical Temple.
  9218 | D:7      | Reached skill level 1 in Polearms
  9236 | D:7      | Gained mutation: You are agile. (Dex +2) [potion of
                  | mutation]
  9236 | D:7      | Gained mutation: You have supernaturally acute eyesight.
                  | (SInv) [potion of mutation]
  9236 | D:7      | Gained mutation: Your spells are a little harder to cast,
                  | but a little more powerful. [potion of mutation]
  9236 | D:7      | Gained mutation: Your mind is acute. (Int +2) [potion of
                  | mutation]
  9735 | D:7      | Received a gift from Nemelex Xobeh
 10281 | D:7      | Bought a runed chain mail for 187 gold pieces
 10669 | D:8      | Found an ancient bone altar of Kikubaaqudgha.
 11154 | D:8      | Reached XP level 10. HP: 85/91 MP: 11/11
 11228 | D:8      | Reached ** piety under Nemelex Xobeh
 11385 | D:8      | Received a gift from Nemelex Xobeh
 11434 | D:8      | Reached skill level 5 in Invocations
 11600 | D:8      | Noticed a red ugly thing
 11654 | D:8      | Identified the -1 hand axe of the Morning {elec, rElec}
 11668 | D:8      | Killed a red ugly thing
 11669 | D:8      | Reached skill level 10 in Fighting
 11958 | D:8      | Reached skill level 11 in Armour
 12071 | D:8      | Reached skill level 12 in Armour
 12891 | D:8      | Noticed a two-headed ogre
 12901 | D:8      | Killed a two-headed ogre
 13496 | D:9      | Noticed a tengu warrior
 13504 | D:9      | Killed a tengu warrior
 13648 | D:8      | Reached XP level 11. HP: 89/96 MP: 14/14
 14097 | D:9      | Found a white marble altar of Elyvilon.
 14282 | D:9      | Reached *** piety under Nemelex Xobeh
 14284 | D:9      | Found a burning altar of Makhleb.
 14470 | D:9      | Found a blossoming altar of Fedhas.
 14474 | D:9      | Received a gift from Nemelex Xobeh
 14510 | D:9      | Noticed a two-headed ogre
 14537 | D:9      | HP: 4/95 [vampire (8)]
 14538 | D:9      | Noticed a two-headed ogre
 14883 | D:9      | Found a bloodstained altar of Trog.
 14889 | D:9      | Noticed a two-headed ogre
 14891 | D:9      | Killed a two-headed ogre
 14898 | D:9      | Killed a two-headed ogre
 14899 | D:9      | Reached skill level 13 in Armour
 15428 | D:9      | Killed a two-headed ogre
 15779 | D:10     | Entered Level 10 of the Dungeon
 15779 | D:10     | Found a staircase to the Lair.
 15892 | D:9      | Paralysed by a hornet for 1 turns
 15924 | D:10     | Reached skill level 10 in Maces & Flails
 16754 | D:10     | Reached skill level 5 in Throwing
 16851 | D:10     | Found Erepp's Distillery.
 16886 | D:10     | Found a glowing silver altar of Zin.
 17571 | D:11     | Reached skill level 14 in Armour
 17599 | D:10     | HP: 3/102 [vampire mosquito (7)]
 18053 | D:11     | Noticed a two-headed ogre
 18075 | D:11     | Noticed a two-headed ogre
 18080 | D:11     | Noticed a deep elf pyromancer
 18095 | D:11     | Killed a deep elf pyromancer
 18204 | D:11     | Found a frozen archway.
 18227 | D:11     | HP: 4/102 [white imp (3)]
 18268 | D:11     | Killed a two-headed ogre
 18269 | D:11     | Reached XP level 12. HP: 15/110 MP: 16/16
 18270 | IceCv    | Entered an ice cave
 18276 | IceCv    | HP: 1/110 [yak (11)]
 18282 | IceCv    | HP: 7/165 [wolf (4)]
 18288 | IceCv    | HP: 7/165 [polar bear (2)]
 18294 | IceCv    | Mangled by a polar bear

Illustrated notes

Levels and vault maps discovered:
D:1:      roderic_crossed_star, layout_basic
D:2:      layout_rooms, dreamdust_ecumenical_altar_drowned_temple, serial_shops,
          shop, amcnicky_mini_corridor_feature, uniq_natasha
D:3:      layout_loops_corners, mainiacjoe_overflow_tiny_flanked,
          minmay_curled_crystal, uniq_grinder
D:4:      layout_gridville, kennysheep_windowed_goal
D:5:      layout_basic, nemelex_xobeh_ov_fountains_minmay, serial_shops,
          nicolae_shop_bloodbath_and_beyond, minmay_manual_mullet
D:6:      layout_basic, mainiacjoe_overflow_alcove_4, uniq_menkaure
D:7:      layout_gridville, mainiacjoe_overflow_24_doors,
          minmay_temple_entry_drinking_statues, corexii_item_surrounded_by_moat,
          nicolae_inconvenience_store, grunt_decor_fettered
D:8:      lemuel_castle_with_subvaults [lemuel_castle_interior_original],
          layout_basic, mainiacjoe_overflow_concentric_impassable,
          water_boxes_lemuel
D:9:      layout_basic, amcnicky_altar_gilded,
          mainiacjoe_overflow_small_starburst, lemuel_coloured_pillars_altar,
          elyvilon_altar_4
D:10:     layout_gridville, mainiacjoe_overflow_chevrons,
          erik_lair_orcish_takeover, serial_shops, nicolae_take_the_stairs
D:11:     layout_long_grid, zombieorc1_lemuel, portal_ice_cave_entry_imps,
          serial_shops, nicolae_shop_waterfront, ebering_ghost_xom
IceCv:    ice_cave_small_giant

Skill      XL: |  1  2  3  4  5  6  7  8  9 10 11 |
---------------+----------------------------------+-----
Fighting       | 4 5 6 7 8 9 10 11 | 11.0
Maces & Flails | 3 4 5 6 9 11 | 11.0
Throwing       | 1 2 4 6 |  6.0
Armour         | 5 6 8 10 12 14 | 14.0
Stealth        | 1 2 3 4 |  4.0
Shields        | 5 6 7 |  7.0
Evocations     | 1 2 4 |  4.3
Invocations    | 3 6 7 |  7.0
Polearms       | 2 |  2.6

Action                   |  1- 3 |  4- 6 |  7- 9 | 10-12 || total
-------------------------+-------+-------+-------+-------++-------
Melee: Flail             |    77 |    90 |   425 |   474 ||  1066
       Headbutt          |     7 |    16 |   106 |   106 ||   235
Throw: Stone             |     3 |     8 |    18 |    15 ||    44
       Boomerang         |       |    10 |     5 |    42 ||    57
       Throwing net      |       |       |     1 |       ||     1
       Dart              |       |       |       |    19 ||    19
Invok: Renounce Religion |       |     1 |       |       ||     1
       Draw Destruction  |       |       |     1 |     7 ||     8
       Draw Summoning    |       |       |     1 |     2 ||     3
       Draw Escape       |       |       |       |     3 ||     3
       Triple Draw       |       |       |       |     1 ||     1
Evoke: Wand              |       |     3 |    10 |    10 ||    23
  Use: Potion            |       |     2 |     3 |    11 ||    16
       Scroll            |       |       |     3 |     6 ||     9
Armor: Scale mail        |    40 |    31 |       |       ||    71
       Chain mail        |       |    13 |   278 |   298 ||   589
       Skin              |       |       |       |    16 ||    16
Dodge: Dodged            |    35 |    31 |   200 |   225 ||   491
Block: Buckler           |    18 |    15 |   123 |   127 ||   283

Table legend: (Time is in decaauts)
 A = Elapsed time spent in this place.
 B = Non-inter-level travel time spent in this place.
 C = Inter-level travel time spent in this place.
 D = Time resting spent in this place.
 E = Time spent auto-exploring this place.
 F = Levels seen in this place.
 G = Mean time per level.
                   A        B        C        D        E       F      G
               +--------+--------+--------+--------+--------+-----+--------+
         Total |  18425 |  18086 |    339 |   2257 |  12710 |  12 | 1535.4 |
       Dungeon |  18403 |  18064 |    339 |   2257 |  12710 |  11 | 1673.0 |
      Ice Cave |     22 |     22 |      0 |      0 |      0 |   1 |   22.0 |
               +--------+--------+--------+--------+--------+-----+--------+

Top non-repeatable levels by time:
     D:8: 3347 daAuts
     D:5: 2795 daAuts
     D:9: 2401 daAuts
    D:10: 1852 daAuts
     D:6: 1730 daAuts
     D:3: 1451 daAuts
     D:7: 1428 daAuts
     D:2: 1138 daAuts
     D:4: 1061 daAuts
     D:1: 883 daAuts
    D:11: 313 daAuts
   IceCv: 22 daAuts
